 Dungeon Crawl Stone Soup version 0.20.1-1-g8b1a95d (webtiles) character file.

20552 ucho the Severer (level 12, -5/111 HPs)
             Began as a Minotaur Berserker on Nov 27, 2017.
             Was a High Priest of Trog.
             Slain by a sun demon (14 damage)
             ... summoned by an orc high priest
             ... on level 2 of the Orcish Mines.
             The game lasted 01:14:45 (13927 turns).

ucho the Severer (Minotaur Berserker)              Turns: 13927, Time: 01:14:45

Health: -5/111     AC: 15    Str: 22    XL:     12   Next: 46%
Magic:  11/11      EV:  8    Int:  4    God:    Trog [*****.]
Gold:   1242       SH:  0    Dex: 15    Spells: 11/11 levels left

rFire    . . .     SeeInvis .   a - +0 battleaxe (chop)
rCold    . . .     Gourm    .   (shield currently unavailable)
rNeg     . . .     Faith    .   H - +0 plate armour
rPois    +         Spirit   .   (helmet restricted)
rElec    .         Reflect  .   (no cloak)
rCorr    .         Harm     .   (no gloves)
MR       ++...                  (no boots)
Stlth    ..........             (no amulet)
Regen    1.3/turn               y - ring of poison resistance
MPRegen  0.2/turn               (no ring)

@: about to teleport, berserk cooldown, regenerating, slowed, very slow
A: retaliatory headbutt, horns 2
a: Berserk, Trog's Hand, Brothers in Arms, Burn Spellbooks, Renounce Religion


You were on level 2 of the Orcish Mines.
You worshipped Trog.
Trog was extremely pleased with you.
You were not hungry.

You visited 3 branches of the dungeon, and saw 14 of its levels.

You collected 1242 gold pieces.

Inventory:

Hand Weapons
 a - a +0 battleaxe of chopping (weapon)
 b - a +0 war axe
Missiles
 x - 3 javelins
 E - 3 exploding tomahawks (quivered)
 G - 26 tomahawks
Armour
 e - a +0 shield
 H - a +0 plate armour (worn)
Jewellery
 y - a ring of poison resistance (left hand)
 F - an uncursed ring of protection from fire
Wands
 r - a wand of enslavement (8/24)
 u - a wand of iceblast (3/15)
 M - a wand of acid (0/15)
Scrolls
 g - a scroll of enchant weapon {unknown}
 h - a scroll of blinking {unknown}
 i - 3 scrolls of teleportation
 j - a scroll of fear {unknown}
 l - 3 scrolls of magic mapping {unknown}
 o - 2 scrolls of recharging {unknown}
 p - 2 scrolls of immolation {unknown}
 w - a scroll of fog {unknown}
 B - 3 scrolls of enchant armour
 J - a scroll of torment {unknown}
 L - 2 scrolls of identify
Potions
 d - 2 potions of resistance
 f - a potion of agility
 k - a potion of brilliance {unknown}
 n - 2 potions of might
 q - 2 potions of heal wounds
 s - 3 potions of curing
 t - 2 potions of flight {unknown}
 A - a potion of magic
 C - a potion of haste
 D - 3 potions of lignification
 K - a potion of invisibility {unknown}
Comestibles
 c - 9 bread rations
 m - 7 royal jellies
 v - 4 chunks of flesh
 z - 8 fruits
 I - 2 meat rations


   Skills:
 + Level 11.7 Fighting
 * Level 15.4 Axes
 + Level 11.4 Armour
 - Level 2.1 Dodging
 + Level 10.9 Shields


You had 11 spell levels left.
You didn't know any spells.

Dungeon Overview and Level Annotations

Branches:
Dungeon (11/15)            Temple (1/1) D:7            Lair (0/6) D:10
    Orc (2/2) D:10            Elf (0/3) Orc:2

Altars:
Ashenzari
Cheibriados
Dithmenos
Elyvilon
Fedhas
Gozag
Hepliaklqana
Kikubaaqudgha
Makhleb
Nemelex Xobeh
Okawaru
Qazlal
Ru
Sif Muna
Trog
Uskayaw
Vehumet
Xom
Yredelemnul
Zin
The Shining One
Beogh

Shops:
D:4 !   D:6 }   Orc:1 =   Orc:2 [=%

Annotations:
D:11 1 runed door


Innate Abilities, Weirdness & Mutations

You reflexively headbutt those who attack you in melee.
You have a pair of horns on your head.


Message History

Your plate armour prevents you from hitting the sun demon.
The sun demon hits you!!
You are engulfed in flames!!
* * * LOW HITPOINT WARNING * * *
The orc high priest hits you but does no damage.
The sun demon hits you!
* * * LOW HITPOINT WARNING * * *
You are engulfed in flames!
* * * LOW HITPOINT WARNING * * *
As you read the scroll of teleportation, it crumbles to dust.
You feel strangely unstable.
The sixfirhy hits you but does no damage. x2
The sixfirhy hits you!
* * * LOW HITPOINT WARNING * * *
The sixfirhy shocks you!
* * * LOW HITPOINT WARNING * * *
The sixfirhy hits you but does no damage.
The sun demon hits you!
* * * LOW HITPOINT WARNING * * *
You are engulfed in flames!
You die...

#### ##...# #.....#
.#...#. .......###
........... .........###
...........
...∩..3....###.....8.8..
......3@.....###........
......o##.)[)..##.......
#.....# ##.)............
##...# ###.......8.8..
#### #####...)...[
###########'### ≈#
#....#...##.##( ≈≈
≈≈######
##'##.#..)##.##. ≈≈≈≈
≈≈≈#≈#≈##
#...#.##'###.###


You could see an orc high priest, a sun demon and a sixfirhy.

Vanquished Creatures
  The ghost of Feta the Spear-Bearer, a journeyman MfGl of the Shining One (Orc:1)
  4 two-headed ogres
  An orc high priest (Orc:1)
  3 orc knights (Orc:2)
  A cyclops (Orc:1)
  4 orc sorcerers (Orc:2)
  Joseph (D:7)
  A gargoyle (D:10)
  A komodo dragon (D:10)
  3 trolls
  A hippogriff (D:10)
  A wyvern (D:8)
  7 yaks
  A wraith (D:9)
  Eustachio (D:5)
  7 wargs
  Duvessa (D:7)
  2 sky beasts
  15 ogres
  3 ice beasts
  28 orc warriors
  2 necrophages
  A phantom (D:9)
  7 centaurs
  2 crocodiles (D:10)
  A big kobold (D:8)
  7 bullfrogs
  A gnoll sergeant (D:5)
  Dowan (D:7)
  3 scorpions
  2 howler monkeys
  3 crimson imps
  9 hounds
  2 quasits
  A bullfrog zombie (D:7)
  2 jellies
  A centaur zombie (D:9)
  2 bullfrog skeletons (D:10)
  2 centaur skeletons
  17 orc priests
  20 orc wizards
  3 iguanas
  7 worker ants
  A hound skeleton (D:9)
  8 gnolls
  15 adders
  2 shadow imps (D:10)
  2 adder zombies
  An adder skeleton (D:7)
  2 worms
  5 dart slugs
  8 leopard geckos
  84 orcs
  4 ball pythons
  11 giant cockroaches
  4 goblins
  10 hobgoblins
  10 jackals
  4 quokkas
  10 bats
  7 frilled lizards
  13 kobolds
  A leopard gecko zombie (D:5)
  A quokka zombie (D:6)
  7 rats
393 creatures vanquished.

Vanquished Creatures (collateral kills)
  A two-headed ogre (Orc:1)
  An orc sorcerer (D:10)
  A yak (D:9)
  An orc warrior (Orc:1)
  2 ogres (Orc:1)
  An orc priest (Orc:1)
  An orc wizard (Orc:1)
8 creatures vanquished.

Vanquished Creatures (others)
  A plant (D:10)
1 creature vanquished.

Grand Total: 402 creatures vanquished

Notes
Turn   | Place    | Note
-------+----------+-------------------------------------------
     0 | D:1      | ucho the Minotaur Berserker began the quest for the Orb.
     0 | D:1      | Reached XP level 1. HP: 19/19 MP: 0/0
   117 | D:1      | Reached skill level 4 in Axes
   133 | D:1      | Reached XP level 2. HP: 27/27 MP: 1/1
   485 | D:1      | Reached XP level 3. HP: 33/33 MP: 2/2
  1156 | D:2      | Reached ** piety under Trog
  1530 | D:2      | Reached XP level 4. HP: 28/40 MP: 3/3
  1753 | D:2      | Found a basalt altar of Yredelemnul.
  1836 | D:2      | Reached skill level 5 in Axes
  2158 | D:3      | Reached skill level 1 in Shields
  2288 | D:3      | Reached XP level 5. HP: 41/47 MP: 4/4
  2747 | D:3      | Reached *** piety under Trog
  3053 | D:4      | Found Onaujim's Distillery.
  3065 | D:4      | Reached XP level 6. HP: 50/55 MP: 5/5
  3223 | D:4      | Reached skill level 6 in Axes
  3428 | D:5      | Entered Level 5 of the Dungeon
  3455 | D:5      | Reached skill level 5 in Fighting
  3614 | D:5      | Noticed Eustachio
  3622 | D:5      | Killed Eustachio
  3622 | D:5      | Reached XP level 7. HP: 61/61 MP: 6/6
  3669 | D:5      | Reached skill level 7 in Axes
  3669 | D:5      | Reached skill level 5 in Armour
  4165 | D:5      | Reached XP level 8. HP: 49/70 MP: 7/7
  4484 | D:5      | Reached skill level 8 in Axes
  4584 | D:6      | Reached **** piety under Trog
  4722 | D:6      | Reached skill level 5 in Shields
  4926 | D:6      | Found an opulent altar of Gozag.
  4944 | D:6      | Reached skill level 9 in Axes
  5162 | D:6      | Found Gitugoga's Gadget Emporium.
  5270 | D:6      | Reached XP level 9. HP: 34/79 MP: 8/8
  5484 | D:6      | Found a glowing golden altar of the Shining One.
  5490 | D:6      | Found a sparkling altar of Nemelex Xobeh.
  5923 | D:7      | Found a staircase to the Ecumenical Temple.
  5929 | D:7      | Noticed Joseph
  5938 | D:7      | Killed Joseph
  5938 | D:7      | Reached skill level 10 in Axes
  5950 | Temple   | Entered the Ecumenical Temple
  6050 | D:7      | Found an iron altar of Okawaru.
  6088 | D:7      | Found a blossoming altar of Fedhas.
  6136 | D:7      | Noticed Duvessa
  6136 | D:7      | Noticed Dowan
  6157 | D:7      | Killed Duvessa
  6165 | D:7      | Killed Dowan
  7384 | D:8      | Reached skill level 11 in Axes
  7691 | D:8      | Found a white marble altar of Elyvilon.
  7694 | D:8      | Found a radiant altar of Vehumet.
  7798 | D:8      | Reached XP level 10. HP: 90/90 MP: 9/9
  8004 | D:8      | Found a shattered altar of Ashenzari.
  8076 | D:8      | Noticed a two-headed ogre
  8086 | D:8      | Killed a two-headed ogre
  8215 | D:9      | Reached skill level 12 in Axes
  8245 | D:9      | Got a scorched scale mail
  8272 | D:9      | Identified the +1 scale mail of Nobroben {+Fly rC- Str+2} (You found it on level 9 of the Dungeon)
  8960 | D:9      | You fall through a shaft for 2 floors!
  8994 | D:11     | Found a glowing silver altar of Zin.
  8994 | D:11     | Found a runed door.
  8994 | D:11     | Noticed an angel
  8996 | D:11     | Noticed an unseen horror
  8998 | D:11     | Noticed a two-headed ogre
  9005 | D:11     | Noticed a sixfirhy
  9206 | D:11     | Noticed a two-headed ogre
  9214 | D:11     | Killed a two-headed ogre
  9294 | D:10     | Entered Level 10 of the Dungeon
  9383 | D:10     | Reached ***** piety under Trog
  9431 | D:10     | Reached skill level 13 in Axes
  9431 | D:10     | Reached XP level 11. HP: 59/99 MP: 10/10
  9842 | D:10     | Noticed a two-headed ogre
  9852 | D:10     | Killed a two-headed ogre
  9852 | D:10     | Reached skill level 10 in Fighting
 10011 | D:10     | Found a staircase to the Lair.
 10258 | D:10     | Noticed a two-headed ogre
 10266 | D:10     | Killed a two-headed ogre
 10266 | D:10     | Reached skill level 10 in Armour
 10426 | D:10     | Found a staircase to the Orcish Mines.
 10610 | Orc:1    | Entered Level 1 of the Orcish Mines
 10610 | Orc:1    | Noticed an orc high priest
 10678 | Orc:1    | Noticed an orc sorcerer
 10682 | Orc:1    | Killed an orc high priest
 10696 | D:10     | Killed an orc sorcerer
 10951 | Orc:1    | Found Sent's Jewellery Shoppe.
 11045 | Orc:1    | Reached skill level 14 in Axes
 11418 | Orc:1    | Noticed Feta's ghost (journeyman MfGl)
 11445 | Orc:1    | Killed Feta's ghost
 11639 | Orc:1    | Reached skill level 10 in Shields
 11753 | Orc:2    | Entered Level 2 of the Orcish Mines
 11775 | Orc:2    | Noticed a two-headed ogre
 11854 | Orc:1    | Killed a two-headed ogre
 12270 | Orc:2    | Received a gift from Trog
 12433 | Orc:2    | Reached XP level 12. HP: 100/110 MP: 11/11
 12568 | Orc:2    | Found a staircase to the Elven Halls.
 13126 | Orc:2    | Paralysed by an orc sorcerer for 4 turns
 13133 | Orc:2    | Reached skill level 15 in Axes
 13174 | Orc:2    | Found a roughly hewn altar of Beogh.
 13532 | Orc:2    | Found Xiexzom's Jewellery Emporium.
 13551 | Orc:2    | Found Nykoz's Antique Armour Shoppe.
 13558 | Orc:2    | Received a gift from Trog
 13918 | Orc:2    | Found Zienuhel's Food Boutique.
 13919 | Orc:2    | Noticed an orc high priest
 13927 | Orc:2    | Slain by a sun demon

Skill      XL: |  1  2  3  4  5  6  7  8  9 10 11 12 |
---------------+-------------------------------------+-----
Axes           | 4 5 6 7 9 11 13 14 15 | 15.4
Armour         | 3 4 5 6 8 9 10 11 | 11.4
Fighting       | 4 5 6 7 8 9 11 | 11.7
Shields        | 1 2 3 4 5 7 8 10 | 10.9
Dodging        | |  2.1

Action                   |  1- 3 |  4- 6 |  7- 9 | 10-12 || total
-------------------------+-------+-------+-------+-------++-------
Melee: Hand axe          |    97 |   159 |   202 |   209 ||   667
       Headbutt          |    14 |    26 |    74 |   161 ||   275
       War axe           |       |       |   107 |   404 ||   511
       Battleaxe         |       |       |       |    39 ||    39
Throw: Javelin           |       |       |     4 |       ||     4
Invok: Berserk           |       |     3 |     5 |    16 ||    24
       Trog's Hand       |       |     1 |     3 |    11 ||    15
       Burn Spellbooks   |       |       |     1 |     1 ||     2
       Brothers in Arms  |       |       |       |     5 ||     5
Evoke: Wand              |       |       |       |     6 ||     6
  Use: Potion            |       |     4 |     1 |       ||     5
       Scroll            |       |       |    13 |     5 ||    18
  Eat: Chunk             |     2 |     9 |     7 |    13 ||    31
       Meat ration       |       |       |     3 |     5 ||     8
       Royal jelly       |       |       |     1 |       ||     1
Armor: Animal skin       |     6 |       |       |       ||     6
       Leather armour    |     9 |     7 |       |       ||    16
       Ring mail         |       |    22 |    34 |       ||    56
       Plate armour      |       |       |    75 |   197 ||   272
Dodge: Dodged            |    58 |    70 |    69 |    89 ||   286
Block: Buckler           |       |    22 |    38 |       ||    60
       Shield            |       |       |   101 |   241 ||   342
